 Dungeon Crawl Stone Soup version 0.22-a0-570-g58866f5 (webtiles) character file.

1097 jamsan the Digger (level 8, -5/45 HPs)
             Began as a Gargoyle Earth Elementalist on June 30, 2018.
             Slain by an orc warrior
             ... wielding a cursed +0 dire flail
              (25 damage)
             ... on level 5 of the Dungeon.
             The game lasted 00:17:44 (5109 turns).

jamsan the Digger (Gargoyle Earth Elementalist)     Turns: 5109, Time: 00:17:45

Health: -5/45      AC: 13    Str: 11    XL:     8   Next: 31%
Magic:  9/15       EV: 12    Int: 19    God:
Gold:   169        SH:  0    Dex: 10    Spells: 8/17 levels left

rFire    . . .     SeeInvis .   u - +4 quarterstaff (chaos)
rCold    . . .     Gourm    .   (shield currently unavailable)
rNeg     + . .     Faith    .   w - +0 troll leather armour {Purgy}
rPois    ∞         Spirit   .   n - +0 helmet
rElec    +         Reflect  .   x - +0 cloak
rCorr    .         Harm     .   (no gloves)
MR       .....                  o - +0 pair of boots
Stlth    ++........             (no amulet)
HPRegen  0.55/turn              (no ring)
MPRegen  0.14/turn              (no ring)

@: very slightly contaminated
A: negative energy resistance 1, electricity resistance, unbreathing,
petrification resistance, rot immunity, AC +5
a: no special abilities


You were on level 5 of the Dungeon.
You were hungry.

You visited 1 branch of the dungeon, and saw 5 of its levels.

You collected 169 gold pieces.

Inventory:

Hand Weapons
 a - a +0 hand axe
 p - a +2 short sword of electrocution
 u - a +4 quarterstaff of chaos (weapon)
Missiles
 b - 9 stones (quivered)
Armour
 c - a +0 robe
 k - a +0 leather armour
 n - a +0 helmet (worn)
 o - a +0 pair of boots (worn)
 w - a +0 troll leather armour (worn) {Purgy}
 x - a +0 cloak (worn)
Scrolls
 e - a scroll of enchant armour {unknown}
 g - 4 scrolls of remove curse
 j - 3 scrolls of identify
 y - a scroll of fog {unknown}
Potions
 f - a potion of cancellation {unknown}
 h - a potion of lignification {unknown}
 i - a potion of invisibility {unknown}
 q - a potion of might
 r - a potion of berserk rage {unknown}
 s - a potion of degeneration {unknown}
 t - a potion of haste {unknown}
 v - a potion of heal wounds {unknown}
 A - 2 potions of curing {unknown}
Comestibles
 d - 4 rations


   Skills:
 + Level 2.5 Fighting
 + Level 2.3 Staves
 + Level 2.6 Armour
 + Level 2.6 Dodging
 - Level 2.1 Stealth
 + Level 5.1 Spellcasting
 + Level 2.5 Conjurations
   Level 0.7 Transmutations
 + Level 7.2 Earth Magic


You had 8 spell levels left.
You knew the following spells:

 Your Spells              Type           Power        Failure   Level  Hunger
a - Sandblast             Erth           ####..       1%          1    None
b - Stone Arrow           Conj/Erth      ###...       6%          3    ##.....
c - Lee's Rapid Deconstr  Erth           ####......   22%         5    ######.

Your spell library contained the following spells:

 Spells                   Type           Power        Failure   Level  Hunger
 Passwall                 Tmut/Erth      ###.....     4%          2    #......
 Petrify                  Tmut/Erth      ###.....     30%         4    ####...


Dungeon Overview and Level Annotations

Branches:
Dungeon (5/15)
 Temple: D:4-7

Altars:
Elyvilon
Fedhas
Hepliaklqana
Qazlal
Sif Muna
Trog

Shops:
D:4 *   D:5 :

Annotations:
D:4 Dowan, Duvessa, Sigmund


Innate Abilities, Weirdness & Mutations

You are resistant to torment.
Your stone body is resilient. (AC +5)
You are immune to poison.
You resist negative energy. (rN+)
You are resistant to electric shocks. (rElec)
You can survive without breathing.
You are immune to petrification.
You are immune to rotting.


Message History

The orc warrior is severely wounded.
b - 10 stones The leopard gecko closely misses you.
The orc warrior hits you with a dire flail!
Casting: Sandblast (safe; 1% risk of failure)
Confirm with . or Enter, or press ? or * to list all spells.
Aiming: Sandblast (safe; 1% risk of failure)
Press: ? - help, Shift-Dir - straight line, f/p - orc warrior
Aim: an orc warrior, wielding a dire flail and wearing a chain mail (severely wounded)
The blast of sand hits the orc warrior.
The orc warrior is severely wounded.
b - 9 stones The leopard gecko misses you.
The orc warrior closely misses you. The leopard gecko closely misses you.
The leopard gecko bites you but does no damage.
There is a stone staircase leading up here.
The leopard gecko closely misses you.
The orc warrior hits you with a dire flail!!
Ouch! That really hurt!
You die...

.# #...# #.####.#.# #... .#
#...## #........# #... #....
#........####...
#..####...##......#...
##.#######.##.....##...##.#...
.....((.....#.#...##...##.#...
#......∩........#.......
#.##.o#l#.#.......###...
...##.#o@#.#######.....##
...#.##.#..#.#####.........
.....#.......#.##............
#... +...###(#...............
#... #... #.#.........[..#'#
... #### #.#..........#.#.#
#.#......###.#...# #...)....#
#.###.# ##..###### #.# ###


You could see an orc warrior, an orc and a leopard gecko.

Vanquished Creatures
  Prince Ribbit (D:5)
  A slime creature (D:5)
  A phantom (D:5)
  Purgy (D:3)
  2 jellies (D:5)
  An orc priest (D:3)
  A bullfrog skeleton (D:5)
  Crazy Yiuf (D:3)
  An orc wizard (D:5)
  Jessica (D:3)
  2 iguanas
  2 worker ants (D:4)
  11 adders
  2 oozes (D:5)
  An adder zombie (D:5)
  5 worms
  A dart slug (D:1)
  A leopard gecko (D:1)
  6 orcs
  7 giant cockroaches
  5 hobgoblins
  2 jackals (D:3)
  2 quokkas
  8 bats
  4 frilled lizards
  11 goblins
  A jackal skeleton (D:4)
  15 kobolds
  7 rats
104 creatures vanquished.

Vanquished Creatures (others)
  6 toadstools (D:5)
6 creatures vanquished.

Grand Total: 110 creatures vanquished

Notes
Turn   | Place    | Note
-------+----------+-------------------------------------------
     0 | D:1      | jamsan the Gargoyle Earth Elementalist began the quest for the Orb.
     0 | D:1      | Reached XP level 1. HP: 10/10 MP: 3/3
   175 | D:1      | Reached XP level 2. HP: 14/15 MP: 0/5
   278 | D:1      | Reached skill level 4 in Earth Magic
   568 | D:1      | Reached XP level 3. HP: 18/19 MP: 6/6
  1431 | D:2      | Learned a level 3 spell: Stone Arrow
  1577 | D:2      | Reached XP level 4. HP: 23/24 MP: 5/8
  2186 | D:3      | Reached skill level 5 in Earth Magic
  2363 | D:3      | Reached XP level 5. HP: 28/28 MP: 6/10
  2618 | D:3      | Found a deep blue altar of Sif Muna.
  2619 | D:3      | Found a blossoming altar of Fedhas.
  2621 | D:3      | Found a stormy altar of Qazlal.
  2621 | D:3      | Found a bloodstained altar of Trog.
  2765 | D:3      | Noticed Jessica
  2772 | D:3      | Killed Jessica
  3079 | D:3      | Found a runed door.
  3284 | D:3      | Noticed Crazy Yiuf
  3284 | D:3      | Noticed Purgy
  3295 | D:3      | Killed Purgy
  3295 | D:3      | Reached skill level 6 in Earth Magic
  3295 | D:3      | Reached XP level 6. HP: 13/32 MP: 10/12
  3299 | D:3      | HP: 1/32 [Crazy Yiuf/quarterstaff of chaos (4)]
  3301 | D:3      | Killed Crazy Yiuf
  3460 | D:4      | Found Izurch's General Store.
  3468 | D:4      | Learned a level 5 spell: Lee's Rapid Deconstruction
  3672 | D:4      | Found a hazy altar of Hepliaklqana.
  3813 | D:4      | Noticed Sigmund
  3906 | D:4      | Noticed Duvessa
  3906 | D:4      | Noticed Dowan
  4005 | D:4      | Found a white marble altar of Elyvilon.
  4192 | D:5      | Entered Level 5 of the Dungeon
  4192 | D:5      | Found Kosos's Book Shoppe.
  4210 | D:5      | Reached skill level 1 in Armour
  4210 | D:5      | Reached skill level 1 in Conjurations
  4210 | D:5      | Reached XP level 7. HP: 37/37 MP: 10/13
  4245 | D:5      | Reached skill level 1 in Fighting
  4245 | D:5      | Reached skill level 1 in Staves
  4785 | D:5      | Noticed a slime creature
  4796 | D:5      | Killed a slime creature
  4796 | D:5      | Reached skill level 5 in Spellcasting
  4796 | D:5      | Reached skill level 7 in Earth Magic
  4796 | D:5      | Reached XP level 8. HP: 44/44 MP: 4/15
  4797 | D:5      | Noticed Prince Ribbit
  4799 | D:5      | Noticed a slime creature
  4801 | D:5      | Killed Prince Ribbit
  4804 | D:5      | Noticed a slime creature
  5109 | D:5      | Slain by an orc warrior

Vault maps used:
D:1:      dpeg_arrival_rooms_c, minmay_pentomino_z4
D:2:      first_ration
D:3:      grunt_temple_overflow_open, uniq_crazy_yiuf_cottage, uniq_jessica,
          uniq_purgy
D:4:      grunt_temple_overflow_gold_and_silver, marbit_many_paths,
          old_standard_altar, serial_shops, nicolae_shop_crystal, uniq_duvessa,
          uniq_sigmund
D:5:      cheibrodos_fertilizer, serial_shops, nicolae_shop_crystal,
          uniq_prince_ribbit1

Skill      XL: |  1  2  3  4  5  6  7  8 |
---------------+-------------------------+-----
Earth Magic    | 4 5 6 7 |  7.2
Spellcasting   | 3 4 5 |  5.1
Armour         | 1 2 |  2.6
Conjurations   | 1 2 |  2.5
Fighting       | 2 |  2.5
Staves         | 1 2 |  2.3
Dodging        | 2 |  2.6
Stealth        | |  2.1
Transmutations | |  0.7

Action                   |  1- 3 |  4- 6 |  7- 9 || total
-------------------------+-------+-------+-------++-------
Melee: Hand axe          |    77 |    56 |       ||   133
       Quarterstaff      |       |     8 |     8 ||    16
Throw: Stone             |    56 |   100 |    21 ||   177
 Cast: Sandblast         |    25 |    52 |    49 ||   126
  Use: Scroll            |       |     2 |     2 ||     4
       Potion            |       |     1 |       ||     1
 Stab: Sleeping          |     1 |     2 |       ||     3
       Paralysed         |       |       |     2 ||     2
  Eat: Chunk             |     2 |     5 |     2 ||     9
       Ration            |       |     1 |       ||     1
Armor: Robe              |     2 |       |       ||     2
       Leather armour    |    36 |    57 |       ||    93
       Troll leather arm |       |     5 |     8 ||    13
Dodge: Dodged            |    73 |    59 |    25 ||   157

Table legend:
 A = Spawn XP
 B = Non-spawn XP
 C = Spawn XP percentage of total XP
 D = Spawn monster count
 E = Non-spawn monster count
 F = Spawn count percentage of total count
 G = Total turns spent on level
                    A         B        C        D         E        F      G
               +---------+---------+-------+---------+---------+-------+---------
         Total |       0 |    1568 |   0.0 |       0 |     104 |   0.0 |  5109
               +---------+---------+-------+---------+---------+-------+---------
           D:1 |       0 |      43 |   0.0 |       0 |      26 |   0.0 |  1117
           D:2 |       0 |      52 |   0.0 |       0 |      19 |   0.0 |  1030
           D:3 |       0 |     325 |   0.0 |       0 |      25 |   0.0 |  1271
           D:4 |       0 |     171 |   0.0 |       0 |      12 |   0.0 |   910
           D:5 |       0 |     977 |   0.0 |       0 |      22 |   0.0 |   781
               +---------+---------+-------+---------+---------+-------+---------
